 Dungeon Crawl Stone Soup version 0.31-a0-848-gaac375c287 (webtiles) character file.

Game seed: 12899748133348923837

4 Kurtz the Sneak (level 1, -3/18 HPs)
             Began as a Mummy Delver on Oct 4, 2023.
             Was an Initiate of Hepliaklqana.
             Slain by an orc
             ... wielding a +0 club
              (5 damage)
             ... on level 5 of the Dungeon.
             The game lasted 00:01:08 (234 turns).

Kurtz the Sneak (Mummy Delver)                       Turns: 234, Time: 00:01:09

Health: -3/18      AC:  3    Str: 15    XL:     1   Next: 50%
Magic:  1/1        EV: 11    Int:  9    God:    Hepliaklqana [......]
Gold:   21         SH:  0    Dex: 13    Spells: 0/0 levels left

rFire   x . .        g - +0 flail (protect)
rCold   + . .        (no shield)
rNeg    + + +        b - +0 leather armour
rPois   ∞            (no helmet)
rElec   .            (no cloak)
rCorr   .            (no gloves)
SInv    .            (no boots)
Will    .....        (no amulet)
Stlth   ++           (no ring)
HPRegen 0.23/turn    (no ring)
MPRegen 0.07/turn

%: faith
@: no status effects
A: cold resistance 1, negative energy resistance 3, torment resistance 2, heat
vulnerability 1, in touch with death 1, no potions, faith
a: Renounce Religion


You were on level 5 of the Dungeon.
You worshipped Hepliaklqana.
Hepliaklqana was noncommittal.
You visited 2 branches of the dungeon, and saw 2 of its levels.

You collected 21 gold pieces.

Inventory:

Hand Weapons
 a - a +0 hand axe
 g - a +0 flail of protection (weapon)
Armour
 b - a +0 leather armour (worn)
Wands
 f - a wand of digging (3)
Scrolls
 c - a scroll of fog
 d - a scroll of revelation


   Skills:
 - Level 3.0 Fighting
 * Level 1.9 Axes
 - Level 1.5 Dodging
 - Level 4.1 Stealth


You couldn't memorise any spells.
You didn't know any spells.
Your spell library was empty.

Dungeon Overview and Level Annotations

Branches:
Dungeon (5/15)             Temple (1/1) D:5

Altars:
Ashenzari
Cheibriados
Fedhas
Gozag
Hepliaklqana
Kikubaaqudgha
Nemelex Xobeh
Qazlal
Ru
Trog
Wu Jian
Xom

Annotations:
D:5 exclusion: jelly


Innate Abilities, Weirdness & Mutations

You are immune to poison.
Your flesh is cold resistant. (rC+)
You are immune to negative energy. (rN+++)
You are immune to unholy pain and torment.
You are vulnerable to heat. (rF-)
You are in touch with the powers of death.
You do not drink.
You have a special connection with the divine. (Faith)


Message History

Your weapon exudes an aura of protection.
The orc is severely wounded.
The orc hits you with a +0 club.
The orc warrior hits you with a +0 war axe!
Ouch! That really hurt!
* * * LOW HITPOINT WARNING * * *
The orc hits you with a +0 club.
* * * LOW HITPOINT WARNING * * *
As you read the scroll of fear, it crumbles to dust.
You assume a fearsome visage.
The orc warrior looks frightened!
The orc looks frightened! x3
Unknown command.
You closely miss the orc. The orc hits you with a +0 dagger.
* * * LOW HITPOINT WARNING * * *
You barely miss the orc. The orc closely misses you.
You hit the orc but do no damage.
Your weapon exudes an aura of protection.
The orc hits you but does no damage.
You closely miss the orc. The orc barely misses you.
The orc hits you but does no damage.
You hit the orc.
The orc is moderately wounded.
The orc hits you but does no damage.
You sock the orc!
You kill the orc!
Things that are here:
a +0 dagger; a +0 scale mail
There is a stone staircase leading down here.
The orc shouts!
The orc barely misses you. The orc attacks as it pursues you!
The orc hits you but does no damage. The orc hits you with a +0 hand axe.
* * * LOW HITPOINT WARNING * * *
You barely miss the orc.
Your attack snaps the orc out of its fear.
The orc hits you but does no damage. The orc misses you.
You closely miss the orc.
The orc is severely wounded.
The orc barely misses you. The orc hits you with a +0 club.
You die...

#........# #.#
#.##.....#####.#
#..............#
###.....^.######
#.......#
#.###..##
###.#...##
#..oo.###
#.#@############
#.#o# #........#
###.'.###...)....#
#...#>)..........#
#...#####.########
#...# #.......#
#...# #o..###.#
#...# #...# #.#
##### ##### #.#.#


You could see 3 orcs.

Vanquished Creatures
  2 orcs (D:5)
2 creatures vanquished.

Notes
Turn   | Place    | Note
-------+----------+-------------------------------------------
     0 | D:5      | Kurtz the Mummy Delver began the quest for the Orb.
     0 | D:5      | Reached XP level 1. HP: 18/18 MP: 1/1
    41 | D:5      | Found a staircase to the Ecumenical Temple.
    47 | Temple   | Entered the Ecumenical Temple
    64 | Temple   | Became a worshipper of Hepliaklqana the Forgotten
   110 | D:5      | Noticed an orc warrior
   156 | D:5      | Noticed a jelly
   234 | D:5      | Slain by an orc

Illustrated notes

Levels and vault maps discovered:
D:5:      layout_basic, minitemple, minmay_temple_entry_enclosed_plants,
          serial_shops, shop, guppyfry_shop_venom, uniq_eustachio
Temple:   eino_temple_water

Action                     || total
---------------------------++-------
  Melee: Flail             ||    13
         Hand axe          ||     2
    Use: Scroll            ||     1
 Armour: Leather armour    ||    15
  Dodge: Dodged            ||     9

Table legend: (Time is in decaauts)
 A = Elapsed time spent in this place.
 B = Non-inter-level travel time spent in this place.
 C = Inter-level travel time spent in this place.
 D = Time resting spent in this place.
 E = Time spent auto-exploring this place.
 F = Levels seen in this place.
 G = Mean time per level.
                   A        B        C        D        E       F      G
               +--------+--------+--------+--------+--------+-----+--------+
         Total |    238 |    204 |     34 |     11 |     84 |   2 |  119.0 |
       Dungeon |    203 |    202 |      1 |     11 |     84 |   1 |  203.0 |
        Temple |     34 |      1 |     33 |      0 |      0 |   1 |   34.0 |
               +--------+--------+--------+--------+--------+-----+--------+

Top non-repeatable levels by time:
     D:5: 203 daAuts
  Temple: 34 daAuts
